Map: Terraform LE (Void)

Players

avilo

  • Race: Protoss Protoss
  • League: Diamond

RandomDT - Winner!

  • Race: Protoss Protoss
  • League: Platinum

Event: Lycan League Weekly August #3

VOD

Have the link to the VOD?

Description

Time

  • Played on: Aug. 17, 2015, 12:12 p.m.
  • Length: 5:21
Show
View Real Time Build Order
Export as new Build Order

avilo Protoss 

Build Orders:  

Get SALT Encoding   

  12  0:00  Probe  
  13  0:14  Pylon  
  13  0:18  Probe  
  14  0:32  Probe (Chrono Boost)  
  14  0:35  Gateway  
  15  0:42  Probe (Chrono Boost)  
  16  0:45  Assimilator  
  16  0:49  Probe  
  17  1:01  Probe  
  18  1:06  Gateway  
  18  1:13  Probe  
  19  1:22  Cybernetics Core  
  19  1:26  Probe  
  19  1:27  Assimilator  
  20  1:35  Pylon  
  20  1:38  Probe  
  21  1:50  Probe  
  22  1:59  Warp Gate (Chrono Boost)  
  24  2:01  Stalker (Chrono Boost)  
  24  2:02  Probe  
  27  2:10  Stalker (Chrono Boost)  
  27  2:14  Probe  
  28  2:21  Pylon  
  28  2:27  Mothership Core (Chrono Boost)  
  30  2:41  Adept  
  30  2:42  Probe (Chrono Boost)  
  33  2:51  Robotics Facility  
  33  2:53  Probe  
  34  3:05  Probe  
  35  3:06  Gateway  
  35  3:10  Stalker  
  36  3:17  Probe  
  37  3:30  Pylon  
  37  3:39  Pylon  
  37  3:55  Stalker x2  
  41  3:58  Probe  
  42  4:04  Stalker  
  42  4:05  Gateway  
  44  4:12  Pylon  
  44  4:14  Pylon  
  44  4:17  Pylon  
  44  4:26  Pylon  
  44  4:30  Stalker  
  46  4:36  Stalker  
  48  4:43  Stalker  
  48  4:54  Stalker  
  39  5:02  Stalker  
  28  5:16  Stalker  
Show
View Real Time Build Order
Export as new Build Order

RandomDT Protoss - Winner!

Build Orders: Mass Adepts 

Get SALT Encoding   

  12  0:08  Pylon  
  12  0:13  Probe  
  13  0:27  Gateway  
  13  0:30  Probe  
  14  0:38  Assimilator  
  14  0:43  Probe  
  15  0:50  Pylon  
  15  0:55  Probe  
  16  1:07  Probe  
  17  1:14  Cybernetics Core  
  17  1:19  Probe  
  18  1:31  Probe  
  18  1:32  Gateway  
  19  1:43  Probe  
  20  1:50  Gateway, Warp Gate (Chrono Boost)  
  20  2:02  Gateway  
  20  2:08  Adept  
  22  2:21  Adept, Pylon  
  24  2:29  Pylon  
  24  2:36  Adept  
  26  2:43  Adept  
  28  2:49  Pylon  
  28  3:25  Adept x4  
  36  3:42  Pylon  
  36  3:52  Adept  
  36  3:53  Adept x3  
  44  4:09  Adept x2  
  48  4:10  Adept  
  48  4:13  Adept  
  50  4:28  Adept x2  
  54  4:44  Stalker x2  
  54  4:56  Adept  
  50  5:06  Adept  

Tags
 
Add a new tag
Caveats
  • Supply blocks, unpowered buildings, or Contaminate may cause inaccurate times.
  • Supply counts are checked every 10 seconds.